cohdb
Replays
Latest Replays
All Replays
Popular Replays
Top Player Replays
Match Explorer
How It Works
Community
CoH3 Stats
Reddit
Sign in to upload your games and track your stats! →
Sign in with Steam
Match 43698587
Unlisted
Match 43698587
Overview
Messages
Build Orders
End
Kradschützen Motorcycle Team
250 Light Carrier
Selects Armored Support Battlegroup
Panzerpioneer Squad
Construct Light Support Kompanie
Assault Grenadier Squad
Assault Grenadier Squad
Fire Support Elements
2.5-tonne Medical Truck
le.IG 18 Mechanized Group
Selects Vehicle Awareness
Combat Half-tracks
Assault Grenadier Squad
Pak 38 Anti-tank Gun Team
Flakvierling Half-track
Selects Panzer Storm
Construct Panzerarmee Kommand
Armored Reserves
Rapid Advance
Assault Grenadier Squad
Panzer IV Assault Group
Selects Veteran Gunners
Selects Stuka Anti-tank Loiter
Tiger Heavy Tank
MysteryRanch79
RAZER
bilibuzz
TidaL
qwe
Zannen
0
0
Comments
sign in to comment!
No comments posted yet!